 Dungeon Crawl Stone Soup version 0.25.0-37-gb73750e0fb (console) character file.

Game seed: 1317188934345420006

3 Colgate the Caller (level 1, 0/7 HPs)
             Began as a Felid Summoner on July 8, 2020.
             Slain by a leopard gecko (3 damage)
             ... on level 1 of the Dungeon.
             The game lasted 00:03:03 (66 turns).

Colgate the Caller (Felid Summoner)                   Turns: 66, Time: 00:03:04

Health: 0/7        AC:  1    Str:  4    XL:     1   Next: 41%
Magic:  1/4        EV: 18    Int: 16    God:
Gold:   0          SH:  0    Dex: 16    Spells: 3/4 levels left
                                        Lives:  0   Deaths: 0

rFire    . . .     SeeInvis +   (weapon unavailable)
rCold    . . .     Gourm    .   (shield unavailable)
rNeg     . . .     Faith    .   (armour unavailable)
rPois    .         Spirit   .   (helmet unavailable)
rElec    .         Reflect  .   (cloak unavailable)
rCorr    .         Harm     .   (gloves unavailable)
MR       .....                  (boots unavailable)
Stlth    +++.......             (no amulet)
HPRegen  0.02/turn              (no ring)
MPRegen  0.09/turn              (no ring)

@: quick
A: very small, no armour, no weapons or thrown items, stealth, claws 1, fangs 3,
see invisible, carnivore, speed 1, shaggy fur 1, slow metabolism 1, sharp paws
a: no special abilities


You were on level 1 of the Dungeon.
You were not hungry.

You visited 1 branch of the dungeon, and saw 1 of its levels.

Inventory:

Comestibles
 b - a ration


   Skills:
 - Level 2.6 Dodging
 - Level 2.6 Stealth
 - Level 2.0 Spellcasting
 + Level 4.2 Summonings


You had 3 spell levels left.
You knew the following spells:

 Your Spells              Type           Power        Failure   Level  Hunger
a - Summon Small Mammal   Summ           ###.         3%          1    #......

Your spell library contained the following spells:

 Spells                   Type           Power        Failure   Level  Hunger
 Call Imp                 Summ           ###.....     5%          2    ###....
 Call Canine Familiar     Summ           ###.....     11%         3    ###....
 Summon Guardian Golem    Hex/Summ       #.......     26%         3    ###....
 Summon Ice Beast         Ice/Summ       #.......     65%         4    #####..
 Summon Lightning Spire   Summ/Air       #.......     65%         4    #####..


Dungeon Overview and Level Annotations

Branches:
Dungeon (1/15)

Altars:


Innate Abilities, Weirdness & Mutations

You cannot wear armour.
You are incapable of wielding weapons or throwing items.
Your paws allow you to move quietly. (Stealth)
You have sharp claws.
You have razor-sharp teeth.
You have supernaturally acute eyesight. (SInv)
You are carnivorous and can eat meat at any time.
You cover ground quickly.
You are covered in fur. (AC +1)
You have a slow metabolism.
Your sharp claws are effective at attacking unaware monsters.


Message History

The kobold dies!
A rat comes into view.
Your quokka completely misses the leopard gecko.
The leopard gecko misses you.
You miss the leopard gecko.
Your bat closely misses the leopard gecko.
Your quokka bites the leopard gecko.
The leopard gecko bites you.
You are too injured to fight recklessly!
Your bat closely misses the leopard gecko.
Your quokka closely misses the leopard gecko.
Your bat closely misses the leopard gecko.
Your bat hits the leopard gecko but does no damage.
Your bat closely misses the leopard gecko.
Your bat disappears in a puff of smoke!
The rat twitches its whiskers.
You see here a ration.
Casting: Summon Small Mammal (safe; 3% risk of failure)
Confirm with . or Enter, or press ? or * to list all spells.
The leopard gecko bites you.
You die...

... .# ##..## #.#
# #8.... #.# .#
#...##+#.####.#
#.............#
##...........#
#8...........#
####.
#....r.rb...#
......
#..%####l##.#
.....# ##...# #@#
.....###8..r######
.......##.......#
####.####..r....#
...#...##.§.....#
.⌠.#...#8.÷....(#
...#...##.†#....#
####.####..#....#
.......##..#....#
.......#8..#....#
.l.....##.........


You could see a leopard gecko, a friendly quokka (summoned) and a friendly bat
(summoned).

Vanquished Creatures (collateral kills)
  A goblin (D:1)
  A hobgoblin (D:1)
  A kobold (D:1)
  A rat (D:1)
4 creatures vanquished.

Notes
Turn   | Place    | Note
-------+----------+-------------------------------------------
     0 | D:1      | Colgate the Felid Summoner began the quest for the Orb.
     0 | D:1      | Reached XP level 1. HP: 7/7 MP: 4/4
    66 | D:1      | Slain by a leopard gecko

Illustrated notes

Levels and vault maps discovered:
D:1:      minmay_arrival_glassed_features, layout_basic, serial_corexii_hall,
          chequers_hall_statues_wall_a, corexii_hall_statues_u,
          corexii_hall_statues_t, chequers_hall_statues_corner_a,
          minmay_misc_feat_x, minmay_misc_feat_nine_boxes

Action                   || total
-------------------------++-------
Melee: Unarmed           ||     7
       Bite              ||     1
 Cast: Summon Small Mamm ||     8
  Eat: Chunk             ||     1
Dodge: Dodged            ||     3
